AoeStats
← 一剑扫秋风nelson

African Clearing

505201405Analyzed
4v4 RM · 24d ago on Sep 8, 2026· 37m 8s· 8 players
Game mode
Random Map
Map size
Large (8 player)
Population
200
Speed
Normal
Resources
Standard
Victory
Conquest
Starting age
Dark Age
Ending age
Imperial Age
RankedLock teamsTeams togetherTeam positionsShared explorationLock speedFull tech treeHidden civsTurbo modeCheats
Victory
Defeat
🇨🇳 Mapuche · China
1848
+11
🇨🇳 Mongols · China
1753
+15
🇨🇳 Khitans · China
1685
+18
🇨🇳 Lithuanians · China
1658
+19
🇫🇷 Huns · France
1798
-18
🇩🇰 Vietnamese · Denmark
1772
-17
🇩🇪 Italians · Germany
1682
-14
🇫🇷 Mongols · France
1676
-14
清远华
6:05 Loom
23:17 Feudal Age
24:01 Double-Bit Axe
26:51 Castle Age
28:15 Bow Saw
29:34 Bow Saw
29:59 Fletching
31:27 Town Watch
36:19 Gold Mining
37:05 Bodkin Arrow
一剑扫秋风nelson
13:09 Feudal Age
13:24 Loom
17:44 Castle Age
15:58 Double-Bit Axe
16:38 Horse Collar
29:26 Heavy Plow
32:35 Gold Mining
34:14 Wheelbarrow
37:29 Imperial Age
35:24 Elite Skirmisher
35:58 Fletching
36:09 Padded Archer Armor
36:44 Malon
36:40 Bodkin Arrow
36:45 Town Watch
37:22 Hand Cart
回忆里太多好
9:07 Loom
11:27 Feudal Age
11:54 Double-Bit Axe
15:18 Wheelbarrow
14:54 Forging
22:23 Castle Age
20:34 Domestication
21:23 Fletching
23:24 Bow Saw
25:58 Bodkin Arrow
29:01 Husbandry
30:20 Padded Archer Armor
31:22 Hand Cart
32:03 Ballistics
32:33 Pastoralism
35:34 Gold Mining
35:35 Stone Mining
36:59 Town Watch
mesa
10:18 Loom
12:49 Feudal Age
13:19 Double-Bit Axe
13:17 Horse Collar
18:00 Scale Barding Armor
27:29 Castle Age
25:30 Gold Mining
26:15 Bloodlines
28:51 Chain Barding Armor
28:42 Forging
35:22 Fishing Lines
35:58 Bow Saw
36:30 Husbandry
scorpion145
11:16 Feudal Age
12:45 Loom
18:17 Bloodlines
18:18 Scale Barding Armor
18:22 Double-Bit Axe
22:59 Castle Age
21:49 Forging
23:46 Horse Collar
25:30 Bow Saw
32:28 Chain Barding Armor
36:37 Husbandry
VeryNiceToMeetYou
6:18 Loom
12:16 Feudal Age
12:49 Feudal Age
16:28 Castle Age
17:11 Double-Bit Axe
21:31 Fletching
35:08 Imperial Age
35:38 Bodkin Arrow
37:17 Chemistry
CristinaLover
11:59 Loom
13:44 Feudal Age
15:18 Double-Bit Axe
18:16 Castle Age
18:16 Scale Mail Armor
20:11 Bow Saw
20:51 Squires
24:38 Chain Mail Armor
retaux
5:38 Loom
23:46 Feudal Age
24:01 Man-at-Arms
24:30 Horse Collar
24:36 Double-Bit Axe
27:54 Wheelbarrow
30:54 Castle Age
31:01 Gold Mining
31:04 Fletching
32:20 Husbandry
32:52 Bodkin Arrow
35:41 Padded Archer Armor
36:16 Ballistics
36:07 Heavy Plow
36:37 Bow Saw
Connection lost

Rejoining the realm…

Still unreachable

The connection could not be restored.

Session expired

The server has moved on; the page needs a fresh start.